 Dungeon Crawl Stone Soup version 0.14-a0-3376-gf173aa4 (webtiles) character file.

1469 Persuasio the Slasher (level 8, -1/60 HPs)
             Began as a Human Fighter on Mar 20, 2014.
             Slain by an ogre
             ... wielding a +0,+0 giant club
              (16 damage)
             ... on Level 5 of the Dungeon.
             The game lasted 00:41:37 (6035 turns).

Persuasio the Slasher (Human Fighter)               Turns: 6035, Time: 00:41:37

HP  -1/60        AC 15     Str 18      XL: 8   Next: 88%
MP   9/9         EV  3     Int  9      God:
Gold 163         SH 20     Dex 13      Spells:  1 memorised,  6 levels left

rFire  . . .     SeeInvis .     u - +2,+1 flail (holy)
rCold  . . .     Clarity  .     r - +0 plate armour
rNeg   . . .     Conserve .     c - +0 shield
rPois  .         rCorr    .     (no helmet)
rElec  .         rRot     .     (no cloak)
SustAb . .       Spirit   .     (no gloves)
rMut   .         Warding  .     m - +2 pair of boots
Saprov . . .     Stasis   .     (no amulet)
MR     .....                    (no ring)
                                i - ring of flight

@: not resistant to hostile enchantments, extremely unstealthy
A: no striking features
a: Evoke Flight


You were on level 5 of the Dungeon.
You were not hungry.

You visited 1 branch of the dungeon, and saw 6 of its levels.

You collected 163 gold pieces.

Inventory:

Hand weapons
 a - a +0,+0 long sword
 u - a +2,+1 flail of holy wrath (weapon)
 B - a +0,+0 sling
Missiles
 b - 15 exploding sling bullets
 h - 44 darts
 l - 69 stones
 o - a throwing net
 t - 5 poisoned sling bullets
 w - 6 tomahawks (quivered)
Armour
 c - a +0 shield (worn)
 m - a +2 pair of boots (worn)
 r - a +0 plate armour (worn)
Magical devices
 z - a wand of cold (9)
 C - a wand of enslavement (12)
Comestibles
 d - 4 bread rations
 s - a snozzcumber
 E - a pear
Scrolls
 v - a scroll of amnesia
 y - 6 scrolls of remove curse
 A - a scroll of enchant armour
Jewellery
 i - a ring of flight (left hand)
 G - an uncursed ring of invisibility
Potions
 e - 2 potions of might
 g - 4 potions of curing
 j - a potion of poison
 n - a potion of flight
 p - a potion of heal wounds
 D - a potion of brilliance
 H - a potion of haste
Books
 f - a book of Dreams

   Spells                             Type                      Level
   Ensorcelled Hibernation            Hexes/Ice                    2
   Flight                             Charms/Air                   3
   Phase Shift                        Translocation                5
   Shadow Creatures                   Summoning                    5
   Mass Confusion                     Hexes                        6
   Darkness                           Hexes                        7
 q - a book of Burglary

   Spells                             Type                      Level
   *Apportation                       Translocation                1
   Swiftness                          Charms/Air                   2
   Passwall                           Transmutation/Earth          3
   Passage of Golubria                Translocation                4
   Lee's Rapid Deconstruction         Earth                        5
   Darkness                           Hexes                        7
Miscellaneous
 k - a plain deck of changes {drawn: 3}


   Skills:
 + Level 4.0 Fighting
 * Level 5.6 Long Blades
 + Level 1.4 Maces & Flails
 * Level 2.8 Slings
 * Level 4.0 Throwing
 + Level 4.8 Armour
 + Level 2.4 Dodging
 + Level 0.4 Stealth
 + Level 5.4 Shields
 + Level 0.6 Unarmed Combat
 + Level 0.3 Spellcasting
 + Level 0.9 Evocations


You had 6 spell levels left.
You knew the following spells:

 Your Spells              Type           Power        Failure   Level  Hunger
a - Apportation           Tloc           #.........   100%        1    ##.....


Dungeon Overview and Level Annotations

Branches:
Dungeon (6/15)
 Temple: D:4-7

Altars:
Cheibriados
Kikubaaqudgha
Nemelex Xobeh
Yredelemnul

Annotations:
D:5 Menkaure, Sigmund


Message History

You see here a dagger.
l - 67 stones (gained 1)
l - 68 stones (gained 1)
l - 69 stones (gained 1) Wield which item (- for none, * to show all)? (? for menu, Esc to quit)
It softly glows with a divine radiance!
u - a +2,+1 flail of holy wrath (weapon)
You start resting.
An ogre comes into view. It is wielding a giant club.
The ogre shouts!
The ogre hits you with a giant club.
Your shield and plate armour prevent you from hitting the ogre.
The ogre hits you with a giant club!
Your shield and plate armour prevent you from hitting the ogre.
The ogre hits you with a giant club!
* * * LOW HITPOINT WARNING * * *
You hit the ogre.
The ogre is lightly wounded.
The ogre hits you with a giant club!
You die...

#..........
#.....K
.....!... ###.
### #..
##.######
#.......#
###.......####
#.............
##.#.......###
#@O#.......#
#.##.......#
#.##.......#
..##.......#
#####.......#
####.####
####..### ###
#.......# #..
#.......#
###..


You could see an ogre.

Vanquished Creatures
  The ghost of schwarznadel the Ruinous, an average DECj (D:4)
  2 ogres
  An ice beast (D:5)
  A phantom (D:6)
  A giant frog (D:6)
  A scorpion (D:4)
  A jelly (D:6)
  2 worker ants
  Natasha (twice) (D:5)
  An iguana (D:4)
  6 hounds
  2 orc wizards
  Ijyb (D:5)
  11 gnolls
  A worker ant zombie (D:4)
  10 adders
  5 worms
  2 adder skeletons (D:6)
  2 giant geckos (D:1)
  An ooze (D:3)
  5 orcs
  A giant cockroach (D:1)
  10 hobgoblins
  15 jackals
  9 kobolds
  12 bats
  3 giant newts
  8 goblins
  A jackal skeleton (D:5)
  2 kobold skeletons
  2 quokkas
  9 rats
  4 ballistomycetes (D:6)
  A plant (D:1)
136 creatures vanquished.

Vanquished Creatures (others)
  A giant gecko (D:5)
  A giant spore (D:6)
  2 quokkas
4 creatures vanquished.

Grand Total: 140 creatures vanquished

Notes
Turn   | Place    | Note
--------------------------------------------------------------
     0 | D:1      | Persuasio, the Human Fighter, began the quest for the Orb.
     0 | D:1      | Reached XP level 1. HP: 18/18 MP: 1/1
    61 | D:1      | Reached XP level 2. HP: 24/24 MP: 2/2
   463 | D:1      | Reached XP level 3. HP: 29/29 MP: 3/3
   885 | D:2      | Found a sparkling altar of Nemelex Xobeh.
   984 | D:2      | Found a basalt altar of Yredelemnul.
  1110 | D:2      | Reached XP level 4. HP: 32/35 MP: 4/4
  1444 | D:2      | Reached skill level 1 in Throwing
  2090 | D:3      | Reached XP level 5. HP: 37/41 MP: 5/5
  2156 | D:3      | Reached skill level 4 in Shields
  2167 | D:3      | Reached skill level 1 in Maces & Flails
  2167 | D:3      | Reached skill level 1 in Dodging
  3057 | D:4      | Reached XP level 6. HP: 43/47 MP: 6/6
  3087 | D:4      | Noticed schwarznadel's ghost (average DECj)
  3815 | D:4      | Killed schwarznadel's ghost
  3815 | D:4      | Reached XP level 7. HP: 40/52 MP: 7/7
  4079 | D:5      | Entered Level 5 of the Dungeon
  4142 | D:5      | Reached skill level 5 in Shields
  4310 | D:5      | Reached XP level 8. HP: 43/60 MP: 8/8
  4556 | D:5      | Noticed Sigmund
  4618 | D:5      | Noticed Natasha
  4624 | D:5      | Killed Natasha
  4663 | D:5      | Reached skill level 5 in Long Blades
  4830 | D:5      | Noticed Natasha
  4836 | D:5      | Killed Natasha
  4942 | D:5      | Noticed Menkaure
  5250 | D:5      | Found an ancient bone altar of Kikubaaqudgha.
  5278 | D:5      | Noticed Ijyb
  5287 | D:5      | Killed Ijyb
  5324 | D:5      | Found a snail-covered altar of Cheibriados.
  5485 | D:6      | Reached skill level 1 in Slings
  5688 | D:6      | Learned a level 1 spell: Apportation
  6035 | D:5      | Slain by an ogre

Action                   |  1- 3 |  4- 6 |  7- 9 || total
-------------------------+-------+-------+-------++-------
Melee: Long sword        |   170 |   275 |   192 ||   637
       Flail             |       |       |    97 ||    97
 Fire: Sling             |       |       |    40 ||    40
Throw: Dart              |       |    12 |       ||    12
       Tomahawk          |       |    14 |     3 ||    17
Evoke: Deck              |       |     1 |     2 ||     3
       Wand              |       |       |     4 ||     4
  Use: Scroll            |     7 |     8 |     7 ||    22
       Potion            |     2 |     4 |     2 ||     8
